 Dungeon Crawl Stone Soup version 0.20-a0-214-gb74cb0e (webtiles) character file.

70 tboon the Chopper (level 4, -4/40 HPs)
             Began as a Minotaur Fighter on Nov 27, 2016.
             Slain by a gnoll
             ... wielding a +0 spear
              (8 damage)
             ... on level 3 of the Dungeon.
             The game lasted 00:03:00 (1385 turns).

tboon the Chopper (Minotaur Fighter)                Turns: 1385, Time: 00:03:01

Health: -4/40      AC:  6    Str: 26    XL:     4   Next: 4%
Magic:  3/3        EV:  7    Int:  5    God:
Gold:   50         SH: 10    Dex: 10    Spells: 3/3 levels left

rFire  . . .     SeeInvis .     a - +0 war axe
rCold  . . .     Gourm    .     b - +0 scale mail
rNeg   . . .     Faith    .     c - +0 shield
rPois  .         Spirit   .     (helmet restricted)
rElec  .         Reflect  .     (no cloak)
rCorr  .         Harm     .     (no gloves)
MR     .....                    (no boots)
Stlth  ..........               (no amulet)
                                (no ring)
                                (no ring)

@: mighty
A: retaliatory headbutt, horns 2
a: no special abilities


You were on level 3 of the Dungeon.
You were not hungry.

You visited 1 branch of the dungeon, and saw 3 of its levels.

You collected 50 gold pieces.

Inventory:

Hand Weapons
 a - a +0 war axe (weapon)
Armour
 b - a +0 scale mail (worn)
 c - a +0 shield (worn)
Scrolls
 e - 2 scrolls of remove curse {unknown}
 g - 2 scrolls of identify {unknown}
 h - a scroll of fog {unknown}
 j - 2 scrolls of magic mapping {unknown}
 m - a scroll of teleportation {unknown}
Potions
 i - 2 potions of degeneration {unknown}
 k - 5 potions of curing {unknown}
 p - a potion of heal wounds {unknown}
Comestibles
 f - 3 bread rations
 l - a royal jelly
 n - a meat ration
 r - 9 fruits


   Skills:
 + Level 4.2 Fighting
 * Level 4.8 Axes
 - Level 3.6 Armour
 - Level 3.6 Shields


You had 3 spell levels left.
You didn't know any spells.

Dungeon Overview and Level Annotations

Branches:
Dungeon (3/15)

Altars:
Qazlal


Innate Abilities, Weirdness & Mutations

You reflexively headbutt those who attack you in melee.
You have a pair of horns on your head.


Message History

The kobold throws a stone.
The stone hits you but does no damage.
You hear a splash.
The kobold throws a stone.
The stone hits you but does no damage.
You hear a splash.
A hobgoblin comes into view. It is wielding a club.
You see here 2 stones.
The hobgoblin shouts!
The kobold throws a stone.
The stone hits you but does no damage.
You hear a splash.
You see here a stone.
The dart slug launches a dart at you. The slug dart hits you!
A gnoll comes into view. It is wielding a whip.
Your unstable footing causes you to fumble your attack.
The gnoll shouts!
The orc splashes around in the water.
Your unstable footing causes you to fumble your attack.
You block the orc's attack. You block the hobgoblin's attack.
The dart slug launches a dart at you. The slug dart hits you!
You block the orc's attack.
You feel very mighty all of a sudden.
The hobgoblin hits you but does no damage.
You block the orc's attack.
A goblin and a gnoll come into view.
The goblin shouts!
You slash the orc!
You kill the orc!
You hear a splash.
You slash the hobgoblin!
You kill the hobgoblin!
You hear a splash.
You slash the kobold!
You kill the kobold!
You hear a splash.
You hit the dart slug. The dart slug launches a dart at you.
The slug dart hits you! The dart slug launches a dart at you.
The slug dart hits you! The dart slug launches a dart at you.
The slug dart hits you!
A quokka comes into view.
A bat comes into view.
The gnoll hits you with a whip. The dart slug closely misses you.
You furiously retaliate!
You headbutt the dart slug!!
You kill the dart slug!
The dart slug launches a dart at you. The slug dart misses you.
The slug dart hits the gnoll.
The gnoll splashes around in the water.
The dart slug launches a dart at you. The slug dart hits you!
The goblin splashes around in the water.
A gnoll comes into view. It is wielding a spear.
Things that are here:
a dagger; a short sword Your unstable footing causes you to fumble your attack.
The gnoll shouts!
The gnoll barely misses you. You furiously retaliate!
You headbutt the gnoll. You block the bat's attack.
You block the goblin's attack.
A gnoll comes into view. It is wielding a club.
The gnoll shouts!
You slice the goblin!!
You kill the goblin!
You hear a splash.
You slash the gnoll!
You kill the gnoll!
You hear a splash.
You miss the bat. You block the bat's attack.
The dart slug launches a dart at you. You block the slug dart.
You hit the gnoll.
You kill the gnoll!
You hear a splash.
You have reached level 4!
You feel stronger.
Your shield and scale mail prevent you from hitting the quokka.
You block the bat's attack.
The quokka splashes around in the water.
The bat hits you but does no damage. The quokka bites you. x2
The gnoll hits you with a spear!
* * * LOW HITPOINT WARNING * * *
You block the dart slug's attack.
Items here: )) †† a whip; a club; a gnoll corpse; a goblin corpse The bat barely misses you.
You block the bat's attack. The gnoll hits you with a spear.
* * * LOW HITPOINT WARNING * * *
You block the quokka's attack. You block the bat's attack.
The gnoll hits you but does no damage. The bat barely misses you.
The bat hits you but does no damage. The bat hits you.
* * * LOW HITPOINT WARNING * * *
You block the bat's attack. The dart slug launches a dart at you.
You block the slug dart. The bat hits you but does no damage.
You closely miss the bat. The bat barely misses you.
The gnoll hits you from afar with a spear!
You die...

#≈≈≈≈≈$8)≈(w≈)≈≈..#
≈≈≈≈≈≈)<((≈≈≈))...#
≈≈≈≈≈≈†.8≈≈≈#≈)≈..##.##.
≈≈≈≈≈≈≈.ww≈#≈≈≈≈.w......
≈≈≈#≈≈..≈≈≈≈≈≈≈..#.....
w≈ #≈≈...≈≈≈#≈..g# ....
# ≈≈≈≈8.≈≈≈≈≈≈#.g# ...
#≈≈#≈≈≈≈≈≈≈≈###r#
##.##≈≈≈≈≈.###@b# )≈≈#.
#..## ... #...# ......
##....# ...### ..## ###


You could see 2 gnolls, a dart slug, a quokka and a bat.

Vanquished Creatures
  2 gnolls (D:3)
  2 worms (D:2)
  2 dart slugs
  An orc (D:3)
  4 giant cockroaches
  3 goblins
  6 hobgoblins
  4 kobolds
  A quokka (D:2)
  A ball python (D:1)
  6 bats
  6 frilled lizards
  5 rats (D:1)
43 creatures vanquished.

Notes
Turn   | Place    | Note
-------+----------+-------------------------------------------
     0 | D:1      | tboon the Minotaur Fighter began the quest for the Orb.
     0 | D:1      | Reached XP level 1. HP: 19/19 MP: 0/0
    57 | D:1      | Reached skill level 3 in Axes
    86 | D:1      | Reached XP level 2. HP: 23/27 MP: 1/1
   687 | D:2      | Found a stormy altar of Qazlal.
   711 | D:2      | Reached XP level 3. HP: 33/33 MP: 2/2
   731 | D:2      | Reached skill level 4 in Fighting
   734 | D:2      | Reached skill level 4 in Axes
  1377 | D:3      | Reached XP level 4. HP: 18/40 MP: 3/3
  1378 | D:3      | HP: 8/40 [gnoll/spear (7)]
  1383 | D:3      | HP: 4/40 [bat (1)]
  1385 | D:3      | Slain by a gnoll

Vault maps used:
D:1:      evilmike_arrival_plus, bh_walls_and_bars
D:2:      lemuel_crystal_altar, serial_glass, glass_columns_b, glass_columns_b,
          glass_columns_a, glass_columns_a, glass_columns_b, glass_columns_a,
          glass_columns_c, glass_columns_a, glass_columns_c, glass_columns_b,
          glass_columns_b, glass_columns_a, glass_columns_b, glass_columns_b,
          guppyfry_early_lair_pool
D:3:      kennysheep_slugbush, minitemple, first_bread

Skill      XL: |  1  2  3 |
---------------+----------+-----
Axes           | 3 4 |  4.8
Fighting       | 4 |  4.2
Armour         | |  3.6
Shields        | |  3.6

Action                   |  1- 3 |  4- 6 || total
-------------------------+-------+-------++-------
Melee: War axe           |   102 |     1 ||   103
       Headbutt          |    10 |       ||    10
  Use: Potion            |     1 |       ||     1
  Eat: Pizza             |     1 |       ||     1
       Chunk             |     1 |       ||     1
Armor: Scale mail        |    44 |     4 ||    48
Dodge: Dodged            |    35 |     3 ||    38
Block: Shield            |    58 |     7 ||    65

Vault maps used:
D:1:      evilmike_arrival_plus, bh_walls_and_bars
D:2:      lemuel_crystal_altar, serial_glass, glass_columns_b, glass_columns_b,
          glass_columns_a, glass_columns_a, glass_columns_b, glass_columns_a,
          glass_columns_c, glass_columns_a, glass_columns_c, glass_columns_b,
          glass_columns_b, glass_columns_a, glass_columns_b, glass_columns_b,
          guppyfry_early_lair_pool
D:3:      kennysheep_slugbush, minitemple, first_bread

Table legend:
 A = Turns spent in this place as a percentage of turns spent in the entire game.
 B = Non-inter-level travel turns spent in this place as a percentage of non-inter-level travel turns spent in the entire game.
 C = Inter-level travel turns spent in this place as a percentage of turns spent in this place.
 D = Turns resting spent in this place as a percentage of non-inter-level travel turns spent in this place.
 E = Turns spent auto-exploring this place as a percentage of non-inter-level travel turns spent in this place.
 F = Non-inter-level travel turns spent in this place divided by the number of levels of this place that you've seen.
                   A       B       C       D       E      F
               +-------+-------+-------+-------+-------+----------------------
         Total | 100.0 | 100.0 |   1.2 |   2.3 |  17.5 |  85.7
       Dungeon | 100.0 | 100.0 |   1.2 |   2.3 |  17.5 |  85.7
               +-------+-------+-------+-------+-------+----------------------

Table legend:
 A = Kills in this place as a percentage of kills in entire the game.
 B = Kills by you in this place as a percentage of kills by you in the entire game.
 C = Kills by friends in this place as a percentage of kills by friends in the entire game.
 D = Other kills in this place as a percentage of other kills in the entire game.
 E = Experience gained in this place as a percentage of experience gained in the entire game.
 F = Experience gained in this place divided by the number of levels of this place that you have seen.
                   A       B       C       D       E      F
               +-------+-------+-------+-------+-------+----------------------
         Total | 100.0 | 100.0 |  -nan |  -nan | 100.0 |  33.7
       Dungeon | 100.0 | 100.0 |  -nan |  -nan | 100.0 |  33.7
               +-------+-------+-------+-------+-------+----------------------
